 Dungeon Sprint DCSS version 0.24-a0-446-g87df7205b4 (webtiles) character file.

Game seed: 13406796368823944936

54325 Conn the Sorcerer (level 14, -23/72 HPs)
             Began as a Deep Elf Fire Elementalist on June 24, 2019.
             Was the Champion of Vehumet.
             Annihilated by an Ice Fiend (78 damage)
             ... summoned by Perphone
             ... in the Dungeon (Sprint V: "Ziggurat Sprint").
             The game lasted 00:27:46 (1277 turns).

Conn the Sorcerer (Deep Elf Fire Elementalist)      Turns: 1277, Time: 00:27:53

Health: -23/72     AC:  5    Str: 10    XL:     14   Next: 34%
Magic:  30/46      EV: 21    Int: 43    God:    Vehumet [******]
Gold:   0          SH:  7    Dex: 17    Spells: 8/65 levels left

rFire    + + +     SeeInvis .   R - staff of fire
rCold    x . .     Gourm    .   C - +2 buckler {rF+}
rNeg     . . .     Faith    .   D - +2 robe "Cieveirch" {*Drain rC+ Str+3 Int+5}
rPois    +         Spirit   .   (no helmet)
rElec    +         Reflect  .   h - scarf {repulsion}
rCorr    .         Harm     .   (no gloves)
MR       +....     NoTele   +   Z - +0 pair of boots "Totolawk" {rPois Str+2 Int+3 Dex+2} (curse)
Stlth    +++.......             V - amulet of Cootuo {rElec Regen+}
HPRegen  0.62/turn              A - +6 ring of intelligence
MPRegen  0.30/turn              T - ring of Dithmenos's Pride {rF+ Int+3}

@: immune to fire clouds, studying 2 skills, repel missiles
A: no striking features
a: Renounce Religion


You were in the Dungeon.
You worshipped Vehumet.
Vehumet was exalted by your worship.
You were not hungry.

You visited 1 branch

Inventory:

Hand Weapons
 F - the +8 lance "Wyrmbane" {slay drac, rPois rF+ rC+ AC+3}
   (You found it in the Dungeon)

   It affects your AC (+3).
   It protects you from fire.
   It protects you from cold.
   It protects you from poison.
Armour
 h - a scarf of repulsion (worn)
 z - a +2 pair of boots of flying
 C - a +2 buckler of fire resistance (worn)
 D - the +2 robe "Cieveirch" (worn) {*Drain rC+ Str+3 Int+5}
   (You found it in the Dungeon)

   It affects your strength (+3).
   It affects your intelligence (+5).
   It protects you from cold.
   It causes draining when unequipped.
 E - the +18 shield of the Gong {rElec rN+ MR+ EV-5}
   (You found it in the Dungeon)

   It affects your evasion (-5).
   It insulates you from electricity.
   It protects you from negative energy.
   It affects your resistance to hostile enchantments.
 M - a +2 robe of cold resistance
 N - a +2 robe of magic resistance
 O - a +2 cloak of magic resistance
 Z - the cursed +0 pair of boots "Totolawk" (worn) {rPois Str+2 Int+3 Dex+2}
   (You found it in the Dungeon)

   It affects your strength (+2).
   It affects your intelligence (+3).
   It affects your dexterity (+2).
   It protects you from poison.
   It has a curse placed upon it.
Magical Staves
 H - an uncursed staff of energy
 J - an uncursed staff of wizardry
 K - an uncursed staff of power
 R - an uncursed staff of fire (weapon)
 S - an uncursed staff of conjuration
Jewellery
 a - an uncursed amulet of guardian spirit
 x - an uncursed ring of flight
 A - a +6 ring of intelligence (left hand)
 B - an uncursed ring of resist corrosion
 T - the ring of Dithmenos's Pride (right hand) {rF+ Int+3}
   (You found it in the Dungeon)

   [ring of intelligence]

   It affects your intelligence (+3).
   It protects you from fire.
 U - the ring of Ytheoxea {rF+ rC++ Int-2}
   (You found it in the Dungeon)

   [ring of protection from fire]

   It affects your intelligence (-2).
   It protects you from fire.
   It greatly protects you from cold.
 V - the amulet of Cootuo (around neck) {rElec Regen+}
   (You took it off a merfolk in the Dungeon)

   [amulet of regeneration]

   It insulates you from electricity.
   It increases your rate of regeneration.
 W - the ring "Haziadwucve" {rN+ MR+ SInv Stlth+}
   (You found it in the Dungeon)

   [ring of protection from magic]

   It protects you from negative energy.
   It affects your resistance to hostile enchantments.
   It lets you see invisible.
   It makes you more stealthy.
 X - the amulet of Saiwegar {Faith rPois}
   (You found it in the Dungeon)

   [amulet of faith]

   It allows you to gain divine favour quickly.
   It protects you from poison.
 Y - the ring of Intercession {Wiz Str+2}
   (You took it off a nagaraja in the Dungeon)

   [ring of wizardry]

   It improves your spell success rate.
   It affects your strength (+2).
Wands
 u - a wand of disintegration (7)
 v - a wand of iceblast (5)
 w - a wand of acid (4)
Scrolls
 i - 2 scrolls of blinking
 o - a scroll of amnesia
 p - 7 scrolls of fog
 r - 5 scrolls of identify
 s - 5 scrolls of remove curse
 t - 2 scrolls of fear
Potions
 b - 2 potions of brilliance
 d - 10 potions of curing
 e - 7 potions of heal wounds
 f - 6 potions of haste
 g - 5 potions of magic
 k - 4 potions of resistance
 l - a potion of experience
Books
 j - a manual of Fighting
 y - a manual of Armour
Comestibles
 c - 8 rations
 I - 28 chunks of flesh


   Skills:
 + Level 2.2 Fighting
 + Level 3.9 Polearms
 + Level 12.1 Dodging
 - Level 6.1 Stealth
 * Level 4.6 Shields
 + Level 26.1 Spellcasting
 + Level 13.0 Conjurations
 - Level 6.7 Charms
 - Level 6.5 Summonings
 * Level 14.5 Translocations
 + Level 23.8 Fire Magic
 + Level 5.6 Evocations


You had 8 spell levels left.
You knew the following spells:

 Your Spells              Type           Power        Failure   Level  Hunger
a - Flame Tongue          Conj/Fire      #####        0%          1    None
b - Spellforged Servitor  Conj/Summ      #######...   1%          7    None
c - Ignition              Fire           #########.   1%          8    None
d - Fireball              Conj/Fire      #########.   0%          5    None
e - Confuse               Hex            ######..     1%          3    None
f - Bolt of Fire          Conj/Fire      #########.   0%          6    None
g - Throw Icicle          Conj/Ice       #######.     1%          4    None
h - Ring of Flames        Chrm/Fire      #########.   1%          7    None
i - Force Lance           Conj/Tloc      ########     0%          4    None
j - Iskenderun's Mystic   Conj           ########     0%          4    None
k - Controlled Blink      Tloc           N/A          4%          8    None

Your spell library contained the following spells:

 Spells                   Type           Power        Failure   Level  Hunger
 Irradiate                Conj/Tmut      #######...   1%          5    None
 Magic Dart               Conj           ####         0%          1    None
 Shock                    Conj/Air       ####         0%          1    None
 Sting                    Conj/Pois      ####         0%          1    None
 Searing Ray              Conj           ######       0%          2    None
 Throw Flame              Conj/Fire      ######       0%          2    None
 Conjure Flame            Conj/Fire      ########     0%          3    None
 Gell's Gravitas          Tloc           ########..   0%          3    None
 Inner Flame              Hex/Fire       ########     0%          3    None
 Sticky Flame             Conj/Fire      ########     0%          4    None
 Animate Skeleton         Necr           N/A          1%          1    None
 Beastly Appendage        Tmut           ######       1%          1    None
 Corona                   Hex            ######.      1%          1    None
 Freeze                   Ice            ####         1%          1    None
 Pain                     Necr           ####         1%          1    None
 Sandblast                Erth           ######       1%          1    None
 Summon Butterflies       Summ           #######.     1%          1    None
 Corpse Rot               Necr           N/A          1%          2    None
 Ensorcelled Hibernation  Hex/Ice        ######       1%          2    None
 Sticks to Snakes         Tmut           ######..     1%          2    None
 Sublimation of Blood     Necr           ######....   1%          2    None
 Swiftness                Chrm/Air       ######..     1%          2    None
 Throw Frost              Conj/Ice       ######       1%          2    None
 Call Canine Familiar     Summ           #######.     1%          3    None
 Dazzling Spray           Conj/Hex       ######       1%          3    None
 Mephitic Cloud           Conj/Pois/Air  #######.     1%          3    None
 Ozocubu's Armour         Chrm/Ice       ######..     1%          3    None
 Portal Projectile        Hex/Tloc       ######       1%          3    None
 Spider Form              Tmut/Pois      ######....   1%          3    None
 Static Discharge         Conj/Air       #######.     1%          3    None
 Tukima's Dance           Hex            ######..     1%          3    None
 Fulminant Prism          Conj/Hex       #######...   1%          4    None
 Olgreb's Toxic Radiance  Pois           ######..     1%          4    None
 Summon Ice Beast         Ice/Summ       ######..     1%          4    None
 Bolt of Draining         Conj/Necr      #######...   1%          5    None
 Bolt of Magma            Conj/Fire/Erth #########.   1%          5    None
 Excruciating Wounds      Chrm/Necr      ######....   1%          5    None
 Iskenderun's Battlesphe  Conj/Chrm      #######.     1%          5    None
 Lightning Bolt           Conj/Air       #######...   1%          5    None
 Summon Mana Viper        Hex/Summ       ######..     1%          5    None
 Venom Bolt               Conj/Pois      #######...   1%          5    None
 Conjure Ball Lightning   Conj/Air       #######...   1%          6    None
 Dispersal                Tloc           ########..   1%          6    None
 Freezing Cloud           Conj/Ice/Air   #######...   1%          6    None
 Iron Shot                Conj/Erth      #######...   1%          6    None
 Orb of Destruction       Conj           ########..   1%          7    None
 Animate Dead             Necr           N/A          2%          4    None
 Cause Fear               Hex            ######....   2%          4    None
 Ice Form                 Ice/Tmut       ######..     2%          4    None
 Shadow Creatures         Summ           N/A          2%          6    None
 Disjunction              Tloc           ########..   4%          8    None
 Agony                    Necr           ######..     8%          5    None
 Blade Hands              Tmut           ######....   8%          5    None
 Borgnjor's Vile Clutch   Necr/Erth      ######....   8%          5    None
 Dispel Undead            Necr           ######..     8%          5    None
 Metabolic Englaciation   Hex/Ice        ######....   8%          5    None
 Summon Hydra             Summ           #######...   16%         7    None
 Hydra Form               Tmut           ######....   38%         6    None
 Statue Form              Tmut/Erth      ######...    38%         6    None
 Dragon Form              Tmut           ######....   93%         7    None
 Discord                  Hex            ######....   100%        8    None
 Dragon's Call            Summ           #######...   100%        9    None
 Shatter                  Erth           ######....   100%        9    None
 Tornado                  Air            ######....   100%        9    None


Dungeon Overview and Level Annotations

Branches:
Dungeon (1/1)

Altars:
Ashenzari
Cheibriados
Dithmenos
Elyvilon
Fedhas
Gozag
Hepliaklqana
Kikubaaqudgha
Makhleb
Nemelex Xobeh
Okawaru
Qazlal
Ru
Sif Muna
Trog
Uskayaw
Vehumet
Wu Jian
Xom
Yredelemnul
Zin
The Shining One
Beogh
Jiyva
Lugonu


Message History

Confirm with . or Enter, or press ? or * to list all spells.
Okay, then.
Okay, then.
Casting: Throw Icicle (safe; 1% risk of failure)
Confirm with . or Enter, or press ? or * to list all spells.
Okay, then.
As you read the scroll of holy word, it crumbles to dust.
You speak a Word of immense power!
The Ice Fiend convulses!
The Hell Sentinel convulses!
The red devil convulses!
You kill the red devil!
Vehumet accepts your kill.
You feel your power returning.
Perphone convulses!
The infernal demonspawn convulses!
The infernal demonspawn is lost in a daze.
Cocraett comes into view.
The Hell Sentinel hits you! You block the Hell Sentinel's attack.
The Ice Fiend claws you. The Ice Fiend freezes you!!!!
You feel a terrible chill!
Ouch! That really hurt!
You die...

▓...).).†
▓..|:))}&[=)..▓.......)
▓......)......▓........
▓.............▓....=...
▓.............▓........
▓........6....▓..▓.....
.....)&......▓....=)..
▓.☼11...▓ ▓.....©.. ▓
▓▓☼@☼..▓▓ ▓▓▓▓▓▓▓▓▓
▓..▓.°○○...▓..▓....8©8.
▓.............▓..)}.=}}
▓......©......▓...[})[|
▓▓▓▓▓▓▓▓▓▓▓▓▓▓▓........
▓........ ▓........
▓.....†.. ▓..▓.)...


You could see Cocraett, Perphone (dazed), a Hell Sentinel (dazed), an Ice Fiend
(dazed) and an infernal demonspawn (dazed).

Vanquished Creatures
  A pandemonium lord (D)
  3 deep elf blademasters (D)
  A deep elf master archer (D)
  A thorn hunter (D)
  A nagaraja (D)
  A deep elf sorcerer (D)
  2 cacodemons (D)
  A reaper (D)
  A vampire knight (D)
  2 spriggan defenders (D)
  A green draconian (D)
  3 dire elephants (D)
  2 deep elf annihilators (D)
  A red draconian (D)
  A black draconian (D)
  A deep elf high priest (D)
  A shambling mangrove (D)
  2 naga warriors (D)
  A spriggan air mage (D)
  2 dancing weapons (D)
  An orc high priest (D)
  2 vampire magi (D)
  3 spriggan berserkers (D)
  2 deep elf knights (D)
  A sixfirhy (D)
  A skeletal warrior (D)
  A deep elf archer (D)
  2 necromancers (D)
  An orc knight (D)
  2 moths of wrath (D)
  A cyclops (D)
  3 draconians (D)
  A naga mage (D)
  2 guardian serpents (D)
  3 black mambas (D)
  2 orange demons (D)
  A freezing wraith (D)
  5 ice devils (D)
  A hellwing (D)
  A red devil (D)
  6 merfolk (D)
  4 hornets (D)
  2 wind drakes (D)
  A jumping spider (D)
  3 hippogriffs (D)
  Sigmund (D)
  A large abomination (D)
  An air elemental (D)
  A tarantella (D)
  2 ynoxinuls (D)
  4 spriggans (D)
  3 shadows (D)
  3 yaks (D)
  A fire elemental (D)
  A basilisk (D)
  A warg (D)
  5 water moccasins (D)
  A porcupine (D)
  2 orc warriors (D)
  An ice beast (D)
  2 black bears (D)
  2 ogres (D)
  2 necrophages (D)
  4 wolves (D)
  Blork the orc (D)
  2 bullfrogs (D)
  3 scorpions (D)
  A crimson imp (D)
  A quasit (D)
  An orc priest (D)
  Crazy Yiuf (D)
  2 iron imps (D)
  Jessica (D)
  2 iguanas (D)
  A river rat (D)
  An ufetubus (D)
  2 adder zombies (D)
  A ball python (D)
  A bat skeleton (D)
  A bat zombie (D)
  A ball python skeleton (D)
  A jackal skeleton (D)
  A jackal zombie (D)
  A leopard gecko skeleton (D)
  2 leopard gecko zombies (D)
  A quokka skeleton (D)
148 creatures vanquished.

Vanquished Creatures (others)
  Dowan (D)
1 creature vanquished.

Grand Total: 149 creatures vanquished

Notes
Turn   | Place    | Note
-------+----------+-------------------------------------------
     0 | D        | Found the +6 Majin-Bo {vamp, Archmagi MP+6 Int+6}
     0 | D        | Found the +7 great mace "Firestarter" {inner flame, rF++}
     0 | D        | Conn the Deep Elf Fire Elementalist began the quest for the
                  | Orb.
     0 | D        | Reached XP level 1. HP: 10/10 MP: 6/6
     0 | D        | Found a deep blue altar of Sif Muna.
     0 | D        | Found a bloodstained altar of Trog.
     0 | D        | Found a sacrificial altar of Ru.
     0 | D        | Found a stormy altar of Qazlal.
     0 | D        | Found an iron altar of Okawaru.
     3 | D        | Found a sparkling altar of Nemelex Xobeh.
     3 | D        | Found a blossoming altar of Fedhas.
     5 | D        | Found a transporter.
     5 | D        | Found an ancient bone altar of Kikubaaqudgha.
     5 | D        | Found a viscous altar of Jiyva.
     5 | D        | Found a corrupted altar of Lugonu.
     5 | D        | Found a hazy altar of Hepliaklqana.
     5 | D        | Found a burning altar of Makhleb.
     5 | D        | Found an opulent altar of Gozag.
    20 | D        | Found the +9 heavy crossbow "Sniper" {velocity, Acc+∞ SInv}
    20 | D        | Found the +10 dark maul {crush}
    20 | D        | Found the +15 Maxwell's patent armour {-Cast -Tele rElec
                  | MR+ rCorr}
    20 | D        | Found the +18 shield of the Gong {rElec rN+ MR+ EV-5}
    20 | D        | Found the cursed +14 obsidian axe {chop, +Fly SInv *Curse}
    22 | D        | Found the +6 shillelagh "Devastator" {shatter}
    22 | D        | Found the +11 plutonium sword {*Contam Stlth-}
    22 | D        | Found the +8 lance "Wyrmbane" {slay drac, rPois rF+ rC+
                  | AC+3}
    22 | D        | Found the +9 sword of Zonguldrok {reap}
    22 | D        | Found the cursed +13 scythe of Curses {drain, *Curse}
    22 | D        | Found the +0 sword of Power
    22 | D        | Found the +7 mace of Variability {chain chaos}
    22 | D        | Found the +7 Singing Sword {slice, sonic wave}
    22 | D        | Found the +8 storm bow {elec, penet}
    64 | D        | Became a worshipper of Vehumet
    78 | D        | Entered arena 2.
    78 | D        | Noticed a merfolk
    78 | D        | Noticed a merfolk
    78 | D        | Found a transporter.
    83 | D        | Killed a merfolk
    83 | D        | Reached skill level 5 in Dodging
    83 | D        | Reached skill level 5 in Stealth
    83 | D        | Reached skill level 7 in Spellcasting
    83 | D        | Reached skill level 1 in Evocations
    83 | D        | Reached XP level 2. HP: 14/15 MP: 7/12
    83 | D        | Reached XP level 3. HP: 17/19 MP: 7/13
    83 | D        | Reached XP level 4. HP: 22/24 MP: 8/15
    83 | D        | Reached XP level 5. HP: 26/28 MP: 8/16
    84 | D        | Killed a merfolk
    84 | D        | Reached skill level 8 in Spellcasting
    84 | D        | Reached XP level 6. HP: 30/32 MP: 7/19
   183 | D        | Learned a level 3 spell: Inner Flame
   188 | D        | Learned a level 4 spell: Sticky Flame
   194 | D        | Learned a level 5 spell: Fireball
   194 | D        | Entered arena 3.
   194 | D        | Found a transporter.
   195 | D        | Reached * piety under Vehumet
   195 | D        | Offered knowledge of Magic Dart by Vehumet.
   221 | D        | Entered arena 4.
   221 | D        | Found a transporter.
   222 | D        | Reached ** piety under Vehumet
   224 | D        | Reached skill level 9 in Spellcasting
   243 | D        | Reached *** piety under Vehumet
   243 | D        | Reached XP level 7. HP: 36/36 MP: 12/21
   294 | D        | Entered arena 5.
   294 | D        | Noticed Sigmund
   294 | D        | Noticed Jessica
   294 | D        | Noticed Blork the orc
   294 | D        | Noticed Crazy Yiuf
   294 | D        | Found a transporter.
   295 | D        | Killed Crazy Yiuf
   295 | D        | Killed Jessica
   296 | D        | Killed Sigmund
   296 | D        | Reached skill level 1 in Polearms
   296 | D        | Reached skill level 10 in Spellcasting
   297 | D        | Killed Blork the orc
   346 | D        | Entered arena 6.
   346 | D        | Noticed a jumping spider
   346 | D        | Noticed a tarantella
   346 | D        | Found a transporter.
   347 | D        | Reached **** piety under Vehumet
   347 | D        | Offered knowledge of Sandblast by Vehumet.
   348 | D        | Killed a tarantella
   348 | D        | Reached XP level 8. HP: 42/42 MP: 14/24
   348 | D        | Killed a jumping spider
   348 | D        | Reached skill level 11 in Spellcasting
   349 | D        | Reached skill level 1 in Fighting
   437 | D        | Learned a level 3 spell: Confuse
   437 | D        | Entered arena 7.
   438 | D        | Found a transporter.
   440 | D        | Reached ***** piety under Vehumet
   440 | D        | Reached skill level 15 in Fire Magic
   442 | D        | Reached skill level 12 in Spellcasting
   455 | D        | Got Ysewnuly's Collected Works on Boosting Sinister Secrets
   476 | D        | Learned a level 6 spell: Bolt of Fire
   476 | D        | Entered arena 8.
   476 | D        | Noticed a black draconian
   476 | D        | Noticed a draconian
   476 | D        | Noticed a draconian
   476 | D        | Noticed a green draconian
   476 | D        | Noticed a red draconian
   476 | D        | Noticed a draconian
   477 | D        | Found the +5 demon whip "Spellbinder" {antimagic, MR+}
   480 | D        | Killed a draconian
   480 | D        | Reached XP level 9. HP: 34/47 MP: 13/27
   482 | D        | Killed a draconian
   482 | D        | Reached skill level 13 in Spellcasting
   482 | D        | Reached skill level 5 in Conjurations
   484 | D        | Found a transporter.
   490 | D        | Killed a green draconian
   490 | D        | Killed a draconian
   490 | D        | Reached ****** piety under Vehumet
   490 | D        | Reached skill level 14 in Spellcasting
   490 | D        | Reached XP level 10. HP: 39/52 MP: 28/30
   492 | D        | Killed a black draconian
   492 | D        | Reached skill level 10 in Dodging
   492 | D        | Reached skill level 5 in Evocations
   494 | D        | Killed a red draconian
   494 | D        | Reached skill level 15 in Spellcasting
   498 | D        | Got Saarch's Reference Book on the Burning Glacier
   505 | D        | Learned a level 5 spell: Bolt of Magma
   657 | D        | Learned a level 7 spell: Ring of Flames
   661 | D        | Entered arena 9.
   662 | D        | Offered knowledge of Stone Arrow by Vehumet.
   662 | D        | Reached skill level 1 in Charms
   668 | D        | Found a transporter.
   684 | D        | Got the Guide on Stones and the Blaze
   691 | D        | Got the ring of Dithmenos's Pride {rF+ Int+3}
   693 | D        | Got the ring of Ytheoxea {rF+ rC++ Int-2}
   737 | D        | Entered arena 10.
   737 | D        | Noticed a cyclops
   737 | D        | Identified the +4 glaive "Tatsiqo" {drain, +Blink rF+ Str-2
                  | Int+3}
   738 | D        | Identified the amulet of Cootuo {rElec Regen+}
   740 | D        | Killed a cyclops
   740 | D        | Reached skill level 5 in Charms
   743 | D        | Reached skill level 16 in Spellcasting
   743 | D        | Reached XP level 11. HP: 57/57 MP: 11/33
   744 | D        | Found a transporter.
   826 | D        | Learned a level 4 spell: Force Lance
   831 | D        | Learned a level 4 spell: Iskenderun's Mystic Blast
   832 | D        | Entered arena 11.
   834 | D        | Offered knowledge of Mephitic Cloud by Vehumet.
   834 | D        | Reached skill level 1 in Translocations
   855 | D        | Found a transporter.
   888 | D        | Learned a level 8 spell: Ignition
   889 | D        | Entered arena 12.
   889 | D        | Noticed an orc knight
   890 | D        | Noticed an orc high priest
   892 | D        | Killed an orc knight
   892 | D        | Reached skill level 17 in Spellcasting
   892 | D        | Reached skill level 10 in Conjurations
   893 | D        | Found a transporter.
   894 | D        | Killed an orc high priest
   904 | D        | Got Further Progress in Secret Knowledge
   921 | D        | Got Ramiclywk's Almanac of Poison
   928 | D        | Entered arena 13.
   928 | D        | Noticed a skeletal warrior
   931 | D        | Reached skill level 5 in Translocations
   935 | D        | Killed a skeletal warrior
   936 | D        | Found a transporter.
   942 | D        | Got the ring "Haziadwucve" {rN+ MR+ SInv Stlth+}
   945 | D        | Got the amulet of Saiwegar {Faith rPois}
   964 | D        | Learned a level 7 spell: Spellforged Servitor
   967 | D        | Entered arena 14.
   969 | D        | Noticed a nagaraja
   969 | D        | Noticed a naga warrior
   969 | D        | Noticed a naga warrior
   970 | D        | Identified the ring of Intercession {Wiz Str+2}
   970 | D        | Offered knowledge of Airstrike by Vehumet.
   971 | D        | Reached skill level 18 in Spellcasting
   971 | D        | Reached skill level 1 in Summonings
   971 | D        | Killed a naga warrior
   971 | D        | Killed a nagaraja
   971 | D        | Reached XP level 12. HP: 62/62 MP: 36/36
   972 | D        | Reached skill level 19 in Spellcasting
   972 | D        | Killed a naga warrior
   972 | D        | Reached skill level 5 in Summonings
   977 | D        | Found a transporter.
  1008 | D        | Entered arena 15.
  1008 | D        | Noticed a vampire knight
  1008 | D        | Identified the cursed +1 battleaxe of Eternal Vigilance
                  | {flame, Fragile rPois rF+++ Str-3}
  1008 | D        | Noticed a vampire mage
  1008 | D        | Noticed a vampire mage
  1010 | D        | Killed a vampire mage
  1011 | D        | Killed a vampire knight
  1015 | D        | Reached skill level 20 in Spellcasting
  1019 | D        | Killed Dowan
  1022 | D        | Killed a vampire mage
  1029 | D        | Found a transporter.
  1071 | D        | Got the Volume of Hexes
  1078 | D        | Learned a level 4 spell: Throw Icicle
  1080 | D        | Entered arena 16.
  1082 | D        | Noticed a spriggan air mage
  1082 | D        | Noticed a dire elephant
  1082 | D        | Noticed a shambling mangrove
  1082 | D        | Noticed a spriggan defender
  1082 | D        | Noticed a spriggan defender
  1083 | D        | Noticed a dire elephant
  1083 | D        | Noticed a thorn hunter
  1083 | D        | Noticed a dire elephant
  1084 | D        | Killed a spriggan air mage
  1084 | D        | Killed a thorn hunter
  1084 | D        | Reached skill level 21 in Spellcasting
  1084 | D        | Reached skill level 10 in Translocations
  1084 | D        | Killed a spriggan defender
  1084 | D        | Killed a spriggan defender
  1084 | D        | Reached XP level 13. HP: 67/67 MP: 40/40
  1085 | D        | Killed a dire elephant
  1085 | D        | Reached skill level 22 in Spellcasting
  1085 | D        | Killed a dire elephant
  1086 | D        | Killed a dire elephant
  1087 | D        | Found a transporter.
  1114 | D        | Got the +2 robe "Cieveirch" {*Drain rC+ Str+3 Int+5}
  1157 | D        | Entered arena 17.
  1161 | D        | Noticed a deep elf blademaster
  1161 | D        | Noticed a deep elf blademaster
  1161 | D        | Noticed a deep elf annihilator
  1161 | D        | Noticed a deep elf blademaster
  1162 | D        | Identified the cursed +0 scale mail of Parts Unknown
                  | {Str+6}
  1162 | D        | Offered knowledge of Irradiate by Vehumet.
  1162 | D        | Killed a deep elf blademaster
  1162 | D        | Reached skill level 23 in Spellcasting
  1162 | D        | Killed a deep elf annihilator
  1162 | D        | Killed a deep elf master archer
  1162 | D        | Killed a deep elf blademaster
  1162 | D        | Killed a deep elf sorcerer
  1162 | D        | Reached skill level 24 in Spellcasting
  1162 | D        | Killed a deep elf annihilator
  1163 | D        | Killed a deep elf blademaster
  1164 | D        | Reached skill level 25 in Spellcasting
  1167 | D        | Reached skill level 1 in Shields
  1167 | D        | Reached XP level 14. HP: 72/72 MP: 28/45
  1169 | D        | Found the +8 demon blade "Bloodbane" {slice, *Rage +Rage
                  | Stlth-}
  1169 | D        | Found a transporter.
  1184 | D        | Got Kuuwobo's Handbook of Toxins and Flight
  1188 | D        | Got the cursed +0 pair of boots "Totolawk" {rPois Str+2
                  | Int+3 Dex+2}
  1224 | D        | Got the Catalogue of Doomed Heat
  1257 | D        | Entered arena 18.
  1267 | D        | Learned a level 8 spell: Controlled Blink
  1271 | D        | Noticed a reaper
  1271 | D        | Noticed a cacodemon
  1271 | D        | Noticed Perphone the pandemonium lord
  1272 | D        | Found the ring of Robustness {AC+8}
  1272 | D        | Noticed a Hell Sentinel
  1272 | D        | Noticed Fywuow the pandemonium lord
  1272 | D        | Killed a reaper
  1272 | D        | Killed a cacodemon
  1273 | D        | Killed a cacodemon
  1274 | D        | Killed Fywuow the pandemonium lord
  1274 | D        | Reached skill level 26 in Spellcasting
  1277 | D        | Noticed an Ice Fiend
  1277 | D        | Noticed Cocraett the pandemonium lord
  1277 | D        | Annihilated by an Ice Fiend

Levels and vault maps discovered:
D:        sprint_v [room_start, room_1, room_2, room_3, room_4, room_5, room_6,
          room_7, room_8, room_9, room_10, room_11, room_12, room_13, room_14,
          room_15, room_16, room_17, room_18, room_19, room_20, room_21,
          room_22, room_23, room_24, room_25, room_26, room_27]

Skill      XL: |  1  2  3  4  5  6  7  8  9 10 11 12 13 14 |
---------------+-------------------------------------------+-----
Dodging        | 5 6 7 9 10 11 12 | 12.1
Stealth        | 5 6 |  6.1
Spellcasting   | 7 8 9 10 12 14 16 18 21 25 26 | 26.1
Fire Magic     | 9 11 12 13 15 17 18 19 21 23 | 23.8
Evocations     | 1 2 3 4 5 |  5.6
Conjurations   | 2 4 6 9 11 12 13 | 13.0
Polearms       | 1 2 3 |  3.9
Fighting       | 1 2 |  2.2
Charms         | 6 |  6.7
Translocations | 7 10 13 14 | 14.5
Summonings     | 4 6 |  6.5
Shields        | 1 4 |  4.6

Action                   |  1- 3 |  4- 6 |  7- 9 | 10-12 | 13-15 || total
-------------------------+-------+-------+-------+-------+-------++-------
Melee: Lance             |       |    21 |       |       |       ||    21
       Staff             |       |       |       |     1 |       ||     1
 Cast: Fireball          |       |     3 |    14 |    14 |       ||    31
       Flame Tongue      |       |     2 |     2 |     6 |       ||    10
       Bolt of Fire      |       |       |       |     5 |     1 ||     6
       Sticky Flame      |       |       |       |     1 |       ||     1
       Ring of Flames    |       |       |       |     5 |     2 ||     7
       Ignition          |       |       |       |     8 |     7 ||    15
       Force Lance       |       |       |       |     2 |       ||     2
       Throw Icicle      |       |       |       |       |     4 ||     4
       Iskenderun's Myst |       |       |       |       |     2 ||     2
Evoke: Wand              |     3 |     1 |       |     1 |       ||     5
  Use: Potion            |     1 |       |     3 |     2 |       ||     6
       Scroll            |       |       |     2 |     3 |     1 ||     6
 Stab: Distracted        |       |     1 |       |       |       ||     1
  Eat: Chunk             |       |       |       |     3 |     1 ||     4
Armor: Robe              |     1 |     3 |       |     4 |       ||     8
Dodge: Dodged            |     1 |    13 |     1 |    21 |     1 ||    37
Block: Buckler           |       |       |       |       |     1 ||     1

Table legend:
 A = Non-vault XP
 B = Vault XP
 C = Vault XP percentage of total XP
 D = Non-vault monster count
 E = Vault monster count
 F = Vault count percentage of total count
                 A         B        C        D         E       F
            +---------+---------+-------+---------+---------+-------
      Total |    1097 |   76511 |  98.6 |       4 |     144 |  97.3
            +---------+---------+-------+---------+---------+-------
          D |    1097 |   76511 |  98.6 |       4 |     144 |  97.3
            +---------+---------+-------+---------+---------+-------
